 Dungeon Crawl Stone Soup version 0.29.1-2-gbd0b4ee654 (webtiles) character file.

Game seed: 7824529129450712587

81 styxcanada the Sneak (level 4, -6/23 HPs)
             Began as a Spriggan Brigand on Nov 9, 2022.
             Mangled by Sigmund
             ... wielding a +0 scythe
              (7 damage)
             ... on level 3 of the Dungeon.
             The game lasted 00:08:49 (3481 turns).

styxcanada the Sneak (Spriggan Brigand)             Turns: 3481, Time: 00:08:50

Health: -6/23      AC:  4    Str:  7    XL:     4   Next: 19%
Magic:  5/5        EV: 17    Int: 12    God:
Gold:   227        SH:  0    Dex: 18    Spells: 3/3 levels left

rFire   . . .      SeeInvis +   k - +2 short sword (flame)
rCold   . . .      Faith    .   (no shield)
rNeg    . . .      Spirit   .   b - +1 robe
rPois   .          Reflect  .   (helmet restricted)
rElec   .          Harm     .   c - +0 cloak
rCorr   .          Rampage  .   (gloves unavailable)
Will    .....                   (boots unavailable)
Stlth   ++++......              (no amulet)
HPRegen 0.07/turn               (no ring)
MPRegen 0.09/turn               (no ring)

@: very quick
A: very small, no large weapons, unfitting armour, see invisible, speed 3
a: no special abilities


You were on level 3 of the Dungeon.
You visited 1 branch of the dungeon, and saw 3 of its levels.

You collected 227 gold pieces.

Inventory:

Hand Weapons
 a - a +2 dagger
 k - a +2 short sword of flaming (weapon)
 q - a +2 dagger of draining
Missiles
 d - 11 poisoned darts (quivered)
 e - 3 curare-tipped darts
 f - 54 stones
Armour
 b - a +1 robe (worn)
 c - a +0 cloak (worn)
Jewellery
 g - a ring of fire
Scrolls
 j - 3 scrolls of teleportation
 m - a scroll of brand weapon
 s - a scroll of acquirement {unknown}
 u - a scroll of torment {unknown}
 x - a scroll of poison {unknown}
Potions
 h - a potion of heal wounds
 n - a potion of cancellation {unknown}
 o - a potion of ambrosia {unknown}
 p - a potion of brilliance {unknown}
 t - 2 potions of might {unknown}
 v - a potion of degeneration {unknown}
 w - a potion of curing {unknown}
 z - a potion of mutation {unknown}


   Skills:
 * Level 1.9 Fighting
 + Level 2.7 Short Blades
 + Level 2.1 Throwing
 * Level 2.5 Dodging
 * Level 7.5 Stealth


You had 3 spell levels left.
You didn't know any spells.
Your spell library contained the following spells:

 Spells                   Type           Power      Damage    Failure   Level
 Freeze                   Ice            0%         1d3       32%         1
 Frozen Ramparts          Ice            0%         1d1       69%         3
 Hailstorm                Conj/Ice       0%         3d3       97%         4


Dungeon Overview and Level Annotations

Branches:
Dungeon (3/15)

Altars:
Nemelex Xobeh
Qazlal

Annotations:
D:3 Sigmund


Innate Abilities, Weirdness & Mutations

You are very small and have problems with some larger weapons.
You are too small for most types of armour.
You have supernaturally acute eyesight. (SInv)
You cover ground extremely quickly. (Speed+++)


Message History

The poisoned dart closely misses Sigmund.
Throw: 16 darts (poison)
Press: ? - help, Q - select action, (/) - cycle Shift-Dir - straight line, f/p - Sigmund
Aim: Sigmund, wielding a +0 scythe and wearing a +0 robe (heavily wounded, slightly transparent, poisoned, 58% to hit)
You throw a poisoned dart.
The poisoned dart closely misses Sigmund.
Sigmund is suddenly surrounded by pale blue light.
Throw: 15 darts (poison)
Press: ? - help, Q - select action, (/) - cycle Shift-Dir - straight line, f/p - Sigmund
Aim: Sigmund, wielding a +0 scythe and wearing a +0 robe (heavily wounded, slightly transparent, poisoned, 58% to hit)
You throw a poisoned dart. The poisoned dart hits Sigmund.
Sigmund looks even sicker.
Sigmund is heavily wounded.
Throw: 14 darts (poison)
Press: ? - help, Q - select action, (/) - cycle Shift-Dir - straight line, f/p - Sigmund
Aim: Sigmund, wielding a +0 scythe and wearing a +0 robe (heavily wounded, slightly transparent, very poisoned, 58% to hit)
You throw a poisoned dart. The poisoned dart hits Sigmund.
Sigmund is heavily wounded.
Throw: 13 darts (poison)
Press: ? - help, Q - select action, (/) - cycle Shift-Dir - straight line, f/p - Sigmund
Aim: Sigmund, wielding a +0 scythe and wearing a +0 robe (heavily wounded, slightly transparent, very poisoned, 58% to hit)
You throw a poisoned dart. The poisoned dart hits Sigmund.
Sigmund is heavily wounded.
Sigmund casts a spell at you. The magic dart hits you!
Sigmund casts a spell at you. The magic dart hits you.
You start resting.
Sigmund is nearby!
You start resting.
Sigmund is nearby!
Throw: 12 darts (poison)
Press: ? - help, Q - select action, (/) - cycle Shift-Dir - straight line, f/p - Sigmund
Aim: Sigmund, wielding a +0 scythe and wearing a +0 robe (severely wounded, 58% to hit)
You throw a poisoned dart.
The poisoned dart closely misses Sigmund.
Sigmund hits you from afar with a +0 scythe!
* * * LOW HITPOINT WARNING * * *
Sigmund hits you from afar with a +0 scythe!
You die...

#(##(#<..# ######.....########.
#.#...##.# #.....##.......
#.#.(....#########.....########.
#(#.#.#..#...).........##.....#.
#@#.#.#..#.#######.....##..○..#.
#.#......#.# ####.###.§°.°#.
#.###....#.###### #.# #....°#.
#.########.....(## #.# #.....#.
#.([((..((((...@.# #.# #######.
#.############.#.# #.#########'
#.# #@#.# #........... ### #.#.#
############ #...# #####


You could see Sigmund.

Vanquished Creatures
  2 adders
  5 ball pythons
  6 endoplasms
  3 giant cockroaches
  4 goblins
  7 hobgoblins
  2 jackals (D:2)
  3 quokkas
  4 bats
  5 frilled lizards
  11 kobolds
  4 rats
56 creatures vanquished.

Notes
Turn   | Place    | Note
-------+----------+-------------------------------------------
     0 | D:1      | styxcanada the Spriggan Brigand began the quest for the
                  | Orb.
     0 | D:1      | Reached XP level 1. HP: 10/10 MP: 2/2
    20 | D:1      | Reached skill level 6 in Stealth
   304 | D:1      | Reached XP level 2. HP: 5/15 MP: 3/3
   849 | D:1      | Found a faded altar of an unknown god.
  1290 | D:1      | Reached XP level 3. HP: 18/18 MP: 4/4
  1670 | D:2      | Reached skill level 7 in Stealth
  2751 | D:3      | Found a stormy altar of Qazlal.
  2897 | D:3      | Reached XP level 4. HP: 23/23 MP: 5/5
  3038 | D:3      | Found a sparkling altar of Nemelex Xobeh.
  3388 | D:3      | Noticed Sigmund
  3475 | D:3      | HP: 1/23 [Sigmund/+0 scythe (7)]
  3481 | D:3      | Mangled by Sigmund

Illustrated notes

Levels and vault maps discovered:
D:1:      ncdulo_watergridlock, layout_loops_corners,
          ebering_ecumenical_altar_rust
D:2:      layout_loops_ring
D:3:      layout_basic, amcnicky_altar_gilded, nemelex_altar_shiori,
          uniq_sigmund

Skill      XL: |  1  2  3 |
---------------+----------+-----
Stealth        | 6 7 |  7.5
Dodging        | 2 |  2.5
Fighting       | |  1.9
Short Blades   | |  2.7
Throwing       | |  2.1

Action                   |  1- 3 |  4- 6 || total
-------------------------+-------+-------++-------
Melee: Dagger            |    30 |       ||    30
       Punch             |     2 |     1 ||     3
       Short sword       |    63 |    14 ||    77
Throw: Dart              |    15 |    16 ||    31
  Use: Scroll            |     1 |     6 ||     7
 Stab: Sleeping          |    19 |       ||    19
Armor: Robe              |    10 |     2 ||    12
Dodge: Dodged            |    49 |    12 ||    61
